 Dungeon Crawl Stone Soup version 0.32-a0-732-ga344392067 (webtiles) character file.

Game seed: 8253243884558234694

90 croobank the Trooper (level 4, -4/40 HPs)
             Began as a Draconian Chaos Knight on Mar 16, 2024.
             Was a Plaything of Xom.
             Slain by a warg (18 damage)
             ... on level 3 of the Dungeon.
             The game lasted 00:06:54 (2217 turns).

croobank the Trooper (Draconian Chaos Knight)       Turns: 2217, Time: 00:06:55

Health: -4/40      AC:  5    Str: 14    XL:     4   Next: 32%
Magic:  3/3        EV: 11    Int: 13    God:    Xom [*.....]
Gold:   147        SH:  5    Dex: 12    Spells: 3/3 levels left

rFire   . . .        a - +0 short sword (heavy)
rCold   + . .        (no shield)
rNeg    . . .        (body armour unavailable)
rPois   .            (helmet restricted)
rElec   +            (no cloak)
rCorr   .            (no gloves)
SInv    .            (no boots)
Will    .....        r - amulet of reflection
Stlth   +            f - ring of protection from cold
HPRegen 0.26/turn    p - ring of wizardry
MPRegen 0.08/turn

%: reflection, wizardry (x1)
@: studying Throwing
A: AC +5, unfitting armour, cold-blooded, stinger 1, low MP 1, electricity
resistance
a: Renounce Religion


You were on level 3 of the Dungeon.
You worshipped Xom.
You were a special plaything of Xom.
You visited 1 branch of the dungeon, and saw 4 of its levels.

You collected 147 gold pieces.

Inventory:

Hand Weapons
 a - a +0 heavy short sword (weapon)
Missiles
 q - a poisoned dart (quivered)
Jewellery
 f - a ring of protection from cold (left hand)
 p - a ring of wizardry (right hand)
 r - an amulet of reflection (around neck)
 s - a ring of positive energy
Talismans
 g - a beast talisman
Scrolls
 c - a scroll of poison
 d - a scroll of fear
 e - a scroll of vulnerability {unknown}
 j - 3 scrolls of enchant weapon {unknown}
 k - 2 scrolls of amnesia {unknown}
 l - a scroll of teleportation {unknown}
 n - a scroll of silence {unknown}
 o - a scroll of torment {unknown}
Potions
 h - a potion of curing {unknown}
 i - a potion of enlightenment {unknown}
 m - a potion of mutation {unknown}


   Skills:
 * Level 4.2 Fighting
 * Level 3.7 Short Blades
 + Level 1.2 Throwing
 * Level 3.0 Dodging


You had 3 spell levels left.
You didn't know any spells.
Your spell library contained the following spells:

 Spells                   Type           Power      Damage    Failure   Level
 Apportation              Tloc           0%         N/A       12%         1
 Necrotise                Necr           0%         1d4       12%         1
 Sting                    Conj/Alch      0%         1d3       12%         1
 Summon Small Mammal      Summ           0%         N/A       12%         1
 Call Canine Familiar     Summ           0%         N/A       34%         3
 Summon Blazeheart Golem  Fire/Summ      0%         N/A       73%         4


Dungeon Overview and Level Annotations

Branches:
Dungeon (4/15)
 Temple: D:4-7

Altars:
Nemelex Xobeh
Trog


Innate Abilities, Weirdness & Mutations

Your plain brown scales are hard. (AC +5)
You cannot fit into any form of body armour.
You are cold-blooded and may be slowed by cold attacks.
Your tail ends in a venomous barb.
Your magical capacity is low. (-10% MP)
You are resistant to electric shocks. (rElec)


Message History

You hit the orc. You freeze the orc.
You tail-slap the orc, but do no damage.
The orc is moderately wounded.
The orc barely misses you.
You hit the orc but do no damage.
The orc is moderately wounded.
You block the orc's attack.
Throw: 3 darts (poison)
Press: ? - help, Q - select action Shift-Dir - straight line, f/p - warg
Aim: a warg (purple smoke, 47% to hit)
You throw a poisoned dart.
The poisoned dart barely misses the warg.
You hit the orc but do no damage.
The orc seems to slow down.
The orc is moderately wounded.
The warg bites you! The orc closely misses you.
Throw: 2 darts (poison)
Press: ? - help, Q - select action Shift-Dir - straight line, f/p - warg
Aim: a warg (purple smoke, 47% to hit)
You throw a poisoned dart.
The poisoned dart closely misses the warg.
You block the warg's attack. The warg bites you but does no damage.
The orc hits you with a +0 morningstar!
You closely miss the warg. The warg barely misses you.
You hit the warg but do no damage.
The warg blinks!
The orc barely misses you.
As you read the scroll labelled QYTONU PIRPHAOXTU, it crumbles to dust.
It is a scroll of brand weapon.
Your +0 short sword of chaos becomes incredibly heavy!
a - a +0 heavy short sword (weapon)
The warg barely misses you. You block the orc's attack.
The air fills with toxic fumes!
As you read the scroll labelled YGAGAI UCULE, it crumbles to dust.
It was a scroll of poison.
Xom thinks this is hilarious!
The warg bites you but does no damage.
As you read the scroll labelled DUOMA MA INI, it crumbles to dust.
You assume a fearsome visage.
The warg resists with almost no effort.
The orc looks frightened!
It was a scroll of fear.
The warg bites you! The warg bites you!!
You die...
Xom guffaws!

## #.####### . §§§§##### ####.#
# .P§§§§P§§# #....# #
PP§P§§§§P§# #.####### #
.P.§§§§§§§§# #.......####
###.~..§§§§§§P§# #######.##..
#o..~~.§§§§§§§o# #.##.#
#...~~≈§§§§§§h.# ###### #.##.#
#....~≈§§§§§§§@####....# #.##.#
g..P..≈§§§§§§§§##......###.##..
......$§§§§§§§§§#.......##.####
..#....§§§§~♣§..§..........# #
#......§§§~.).........#.#######
###....§§..P.P.....####........
#..####.###......# #..###... #.
#.# ######## #..# #... # #.#
####..# #...


You could see a warg and an orc (fleeing, slow).

Vanquished Creatures
  4 adders
  2 dart slugs
  5 endoplasms
  A giant cockroach (D:1)
  4 hobgoblins
  2 jackals (D:2)
  A quokka (D:1)
  9 ball pythons
  4 bats
  2 frilled lizards (D:1)
  3 goblins
  6 kobolds
  6 rats
49 creatures vanquished.

Vanquished Creatures (collateral kills)
  A hobgoblin (D:1)
1 creature vanquished.

Grand Total: 50 creatures vanquished

Notes
Turn   | Place    | Note
-------+----------+-------------------------------------------
     0 | D:1      | croobank the Draconian Chaos Knight began the quest for the
                  | Orb.
     0 | D:1      | Reached XP level 1. HP: 19/19 MP: 1/1
    97 | D:1      | XOM: butterfly on damage
   120 | D:1      | Reached XP level 2. HP: 26/26 MP: 2/2
   222 | D:1      | You fall into a shaft and drop 1 floor!
   298 | D:1      | Reached XP level 3. HP: 30/33 MP: 3/3
   333 | D:1      | XOM: divination: magic mapping
   426 | D:1      | XOM: god gift: spear {god gift}
   782 | D:1      | Reached skill level 4 in Fighting
   804 | D:2      | Found a bloodstained altar of Trog.
  1013 | D:2      | XOM: stat loss: -1 Str (13/14)
  1408 | D:3      | Reached XP level 4. HP: 25/40 MP: 4/4
  1456 | D:3      | XOM: give mutations
  1456 | D:3      | Gained mutation: Your tail ends in a venomous barb. [Xom's
                  | mischief]
  1456 | D:3      | Gained mutation: You are resistant to electric shocks.
                  | (rElec) [Xom's mischief]
  1456 | D:3      | Gained mutation: You expend magic power (3 MP) to
                  | strengthen your wands. [Xom's mischief]
  1528 | D:3      | XOM: 1-stop teleportation journey
  1542 | D:3      | Reached skill level 1 in Throwing
  1553 | D:3      | XOM: give mutations
  1553 | D:3      | Lost mutation: You expend magic power (3 MP) to strengthen
                  | your wands. [Xom's mischief]
  1553 | D:3      | Gained mutation: Your magical capacity is low. (-10% MP)
                  | [Xom's mischief]
  1555 | D:3      | Found a faded altar of an unknown god.
  1659 | D:3      | Found a sparkling altar of Nemelex Xobeh.
  1728 | D:3      | XOM: 3-stop teleportation journey
  1739 | D:3      | a gnoll changed into a warg
  1739 | D:3      | Noticed a warg
  1739 | D:3      | XOM: polymorph gnoll -> warg
  1743 | D:3      | XOM: butterfly on damage
  1743 | D:3      | XOM: smoke on damage
  1743 | D:3      | XOM: butterfly on damage
  1770 | D:3      | XOM: cloud trail
  1772 | D:4      | XOM: noise
  2205 | D:3      | XOM: fog
  2217 | D:3      | Slain by a warg

Illustrated notes

Levels and vault maps discovered:
D:1:      saegor_arrival_simple_e, layout_loops_ring,
          corexii_hall_statues_deadend, minmay_misc_feat_enclosed,
          minmay_misc_feat_chi
D:2:      layout_loops_ring, basic_altar
D:3:      layout_basic, mainiacjoe_overflow_concentric_impassable,
          shapermc_ecumenical_altar_mp_vishouse, guppyfry_early_lair_pool
D:4:      layout_basic, fiery_altar_vehumet, dk_noncrumbling_4, uniq_ijyb

Skill      XL: |  1  2  3  4 |
---------------+-------------+-----
Fighting       | 4 |  4.2
Throwing       | 1 |  1.2
Dodging        | 3 |  3.0
Short Blades   | |  3.7

Action                     |  1- 3 |  4- 6 || total
---------------------------+-------+-------++-------
  Melee: Short sword       |   123 |    43 ||   166
         Tailslap          |    12 |     6 ||    18
  Throw: Dart              |       |     3 ||     3
    Use: Scroll            |     2 |     4 ||     6
   Stab: Sleeping          |     4 |     2 ||     6
 Armour: Skin              |    60 |    21 ||    81
  Dodge: Dodged            |    76 |    20 ||    96
  Block: Other             |       |    11 ||    11
         Reflection        |       |     1 ||     1

Table legend: (Time is in decaauts)
 A = Elapsed time spent in this place.
 B = Non-inter-level travel time spent in this place.
 C = Inter-level travel time spent in this place.
 D = Time resting spent in this place.
 E = Time spent auto-exploring this place.
 F = Levels seen in this place.
 G = Mean time per level.
                   A        B        C        D        E       F      G
               +--------+--------+--------+--------+--------+-----+--------+
         Total |   2189 |   2153 |     36 |      3 |   1704 |   4 |  547.2 |
       Dungeon |   2189 |   2153 |     36 |      3 |   1704 |   4 |  547.2 |
               +--------+--------+--------+--------+--------+-----+--------+

Top non-repeatable levels by time:
     D:1: 713 daAuts
     D:3: 698 daAuts
     D:2: 609 daAuts
     D:4: 168 daAuts
